 Dungeon Crawl Stone Soup version 0.28.0-47-ge53b351184 (webtiles) character file.

Game seed: 13543016929377658527

203 GigaChad the Slasher (level 5, 0/48 HPs)
             Began as a Minotaur Berserker on May 6, 2022.
             Was a Priest of Trog.
             Succumbed to osoart's ghost's poison
             ... on level 3 of the Dungeon.
             The game lasted 00:07:13 (4001 turns).

GigaChad the Slasher (Minotaur Berserker)           Turns: 4001, Time: 00:07:13

Health: 0/48       AC:  5    Str: 21    XL:     5   Next: 51%
Magic:  4/4        EV: 11    Int:  4    God:    Trog [***...]
Gold:   202        SH:  0    Dex: 12    Spells: 4/4 levels left

rFire   . . .      SeeInvis .   a - +0 falchion
rCold   + . .      Faith    +   (no shield)
rNeg    . . .      Spirit   .   c - +0 ring mail
rPois   .          Reflect  .   (helmet restricted)
rElec   +          Harm     .   (no cloak)
rCorr   .          Rampage  .   (no gloves)
Will    .....                   (no boots)
Stlth   +.........              f - amulet "Ahif Zua" {Faith Fly rElec rC+}
HPRegen 0.16/turn               (no ring)
MPRegen 0.09/turn               (no ring)

@: lethally poisoned (0 -> -18), flying
A: horns 2, retaliatory headbutt
a: Renounce Religion, Berserk, Trog's Hand


You were on level 3 of the Dungeon.
You worshipped Trog.
Trog was most pleased with you.
You visited 1 branch of the dungeon, and saw 3 of its levels.

You collected 202 gold pieces.

Inventory:

Hand Weapons
 a - a +0 falchion (weapon)
 m - a +0 long sword
Armour
 b - a +0 animal skin
 c - a +0 ring mail (worn)
Jewellery
 d - an amulet of reflection
 f - the amulet "Ahif Zua" (around neck) {Faith Fly rElec rC+}
   (You found it on level 2 of the Dungeon)

   [amulet of faith]

   It allows you to gain divine favour quickly.
   rC:        It protects you from cold.
   rElec:     It insulates you from electricity.
   Fly:       It grants you flight.
Wands
 j - a wand of flame (12)
Scrolls
 i - a scroll of blinking
Potions
 e - 2 potions of might {unknown}
 g - a potion of degeneration {unknown}
 h - 3 potions of curing {unknown}
 k - a potion of haste {unknown}


   Skills:
 + Level 5.0 Fighting
 + Level 5.4 Long Blades
 + Level 3.5 Armour
 + Level 3.1 Dodging
 + Level 0.7 Stealth


You had 4 spell levels left.
You didn't know any spells.
Your spell library contained the following spells:

 Spells                   Type           Power      Damage    Failure   Level
 Summon Guardian Golem    Hex/Summ       0%         N/A       95%         3
 Orb of Destruction       Conj           0%         9d5       100%        7
 Spellforged Servitor     Conj/Summ      0%         N/A       100%        7


Dungeon Overview and Level Annotations

Branches:
Dungeon (3/15)

Altars:

Annotations:
D:3 osoart's ghost, amateur DgTm


Innate Abilities, Weirdness & Mutations

You have a pair of horns on your head.
You reflexively headbutt those who attack you in melee.


Message History

Osoart's ghost turns its malevolent gaze towards you.
You reach down and open the door.
You miss osoart's ghost. Your headbutt misses osoart's ghost.
Osoart's ghost barely misses you. You furiously retaliate!
You headbutt osoart's ghost! You closely miss osoart's ghost.
Osoart's ghost is moderately damaged.
Osoart's ghost barely misses you.
You closely miss osoart's ghost. Your headbutt misses osoart's ghost.
Osoart's ghost is moderately damaged.
Osoart's ghost hits you.
You hit osoart's ghost.
Osoart's ghost is moderately damaged.
Osoart's ghost hits you!
You are poisoned.
You barely miss osoart's ghost. Your headbutt misses osoart's ghost.
Osoart's ghost is moderately damaged.
You feel very sick. Osoart's ghost hits you!
You are more poisoned.
You hit osoart's ghost. Your headbutt misses osoart's ghost.
Osoart's ghost is moderately damaged.
You feel very sick.
Osoart's ghost wails, "You must not succeed where I failed!"
Osoart's ghost hits you but does no damage.
You closely miss osoart's ghost. You headbutt osoart's ghost!
Osoart's ghost is heavily damaged.
You feel very sick. Osoart's ghost hits you.
* * * LOW HITPOINT WARNING * * *
You are more poisoned.
You hit osoart's ghost. Your headbutt misses osoart's ghost.
Osoart's ghost is heavily damaged.
* * * LOW HITPOINT WARNING * * *
You feel very sick. Osoart's ghost hits you.
* * * LOW HITPOINT WARNING * * *
You closely miss osoart's ghost.
Osoart's ghost is heavily damaged.
You die...

#...##
##.## ##
####.# #.
#....# #.
#.#### #.
##.# #.
##..# #.
#...#
#####.
#.@.#
#.....
##W##
#.##..
#.!.# #
#.. #P8P#
##..
#####
#...
......#..
####.##..
## ### #.


You could see osoart's ghost.

Vanquished Creatures
  Ijyb (D:3)
  Natasha (thrice) (D:2)
  3 adders
  3 dart slugs
  3 worms
  4 orcs
  4 ball pythons
  3 bats
  5 endoplasms
  3 giant cockroaches
  2 goblins (D:2)
  A hobgoblin (D:2)
  3 jackals (D:3)
  3 quokkas
  8 frilled lizards
  10 kobolds
  5 rats
  A bush (D:3)
65 creatures vanquished.

Vanquished Creatures (others)
  9 plants (D:3)
9 creatures vanquished.

Grand Total: 74 creatures vanquished

Notes
Turn   | Place    | Note
-------+----------+-------------------------------------------
     0 | D:1      | GigaChad the Minotaur Berserker began the quest for the
                  | Orb.
     0 | D:1      | Reached XP level 1. HP: 19/19 MP: 0/0
   405 | D:1      | Reached XP level 2. HP: 16/27 MP: 1/1
  1683 | D:2      | Reached XP level 3. HP: 18/34 MP: 2/2
  1970 | D:2      | Identified the amulet "Ahif Zua" {Faith Fly rElec rC+}
  2001 | D:2      | Noticed Natasha
  2020 | D:2      | Killed Natasha
  2020 | D:2      | Reached ** piety under Trog
  2072 | D:2      | Noticed Natasha
  2083 | D:2      | Killed Natasha
  2084 | D:2      | Reached XP level 4. HP: 15/41 MP: 3/3
  2159 | D:2      | Noticed Natasha
  2168 | D:2      | Killed Natasha
  2659 | D:2      | Reached skill level 5 in Long Blades
  2878 | D:2      | Found a faded altar of an unknown god.
  2971 | D:3      | Noticed Ijyb
  2976 | D:3      | Reached XP level 5. HP: 40/47 MP: 4/4
  2979 | D:3      | Killed Ijyb
  3692 | D:3      | Reached skill level 5 in Fighting
  3826 | D:3      | Reached *** piety under Trog
  3984 | D:3      | Found a runed translucent door.
  3984 | D:3      | Noticed osoart's ghost (amateur DgTm)
  4001 | D:3      | Succumbed to osoart's ghost's poison

Illustrated notes

Levels and vault maps discovered:
D:1:      dpeg_arrival_snail, layout_basic
D:2:      layout_rooms, chequers_ecumenical_altar_lobes,
          kennysheep_big_empty_room, uniq_natasha
D:3:      layout_loops_ring, gammafunk_ghost_grave, lexackson_kobold_supper,
          uniq_ijyb

Skill      XL: |  1  2  3  4  5 |
---------------+----------------+-----
Fighting       | 4 5 |  5.0
Long Blades    | 4 5 |  5.4
Armour         | 3 |  3.5
Dodging        | 3 |  3.1
Stealth        | |  0.7

Action                   |  1- 3 |  4- 6 || total
-------------------------+-------+-------++-------
Melee: Falchion          |    65 |   121 ||   186
       Headbutt          |     6 |    24 ||    30
       Punch             |     1 |       ||     1
  Use: Scroll            |       |     4 ||     4
Armor: Animal skin       |     7 |       ||     7
       Ring mail         |     8 |    36 ||    44
Dodge: Dodged            |    49 |    58 ||   107
